[Event "44th Chess Olympiad Open 2022"]
[Site "Chennai"]
[Date "2022.08.05"]
[Round "7.34"]
[White "Avila Pavas, Santiago"]
[Black "Tan, Jun Ying"]
[Result "1-0"]
[ECO "B62"]
[WhiteElo "2453"]
[BlackElo "2191"]
[Annotator "TA"]
[PlyCount "127"]
[EventDate "2022.07.29"]
[EventType "team-tourn"]
[EventCountry "IND"]
[SourceTitle "playchess.com"]
[Source "ChessBase"]
[SourceQuality "1"]
[WhiteTeam "Colombia"]
[BlackTeam "Malaysia"]
[WhiteTeamCountry "COL"]
[BlackTeamCountry "MAS"]
[TimeControl "40/5400+30:1800+30"]

1. e4 c5 2. Nf3 Nc6 3. d4 cxd4 4. Nxd4 Nf6 5. Nc3 d6 6. Bg5 e6 7. Qd3 a6 8. Nxc6 $1 {[%emt 0:00:10][%mdl 4] outshines the older 8.0-0-0. B62: Sicilian: Richter-Rauzer: 6...e6: Unusual White 7th moves.} bxc6 9. O-O-O {[%emt 0:00:10][%cal Oe4e5] And now e5! would win.} Be7 10. f4 {[%emt 0:05:01] White is slightly better.} d5 11. Qg3 O-O {[%emt 0:03:30] [#]} 12. Bd3 $146 ({Predecessor:} 12. Be2 Rb8 13. b3 Kh8 14. Kb1 Qc7 15. Qe3 Re8 16. Bxf6 Bxf6 17. exd5 Qa5 18. d6 Bxc3 {½-½ (56) Hamann,H (2214)-Beth,N (2145) ICCF email 2010}) 12... Re8 13. h4 Rb8 (13... Kh8 $14) 14. h5 $1 $40 {[%emt 0:04:48][%mdl 128] Black is in trouble. White stays focused until the end.} Kh8 (14... Qb6 15. b3 Kh8 16. h6) (14... e5 $16) 15. h6 $18 {[%emt 0:07:21] White threatens hxg7+ and mate.} g6 {[%emt 0:00:28] [#]} 16. f5 $1 Nd7 {[%emt 0:13:47] [#]} 17. Bf4 Rb7 18. fxe6 ({Weaker is} 18. Bxa6 e5 $14) 18... fxe6 19. exd5 cxd5 20. Bxa6 Ra7 21. Bb5 {[%emt 0:06:54] Strongly threatening Qe3.} Bf6 22. Bxd7 Rxd7 23. Be5 Kg8 24. Rdf1 Bxe5 25. Qxe5 Qc7 26. Re1 Qxe5 27. Rxe5 Kf7 28. Rhe1 Bb7 29. Ne2 d4 30. Nf4 Rd6 31. Kd2 Ra6 32. a3 Rb6 (32... Rc6 {was called for.} 33. Kc1 Bc8) 33. Kc1 Rc6 34. g4 Rec8 (34... Ra6 {is a better defense.} 35. g5 Ba8) 35. R1e2 (35. Nxe6 $142 Rxc2+ 36. Kb1) 35... Ba6 36. Rf2 {[%emt 0:02:38] Hoping for Nxe6+.} Ke7 37. Ra5 Kd6 (37... Bc4 {was necessary.} 38. Kd2 Ba2) 38. Rd2 g5 39. Nh3 (39. Rxd4+ Ke7 40. Rxg5 Rxc2+ 41. Kb1 Rh2 $16) ({Less strong is} 39. Rxg5 e5 $16) 39... d3 40. c3 ({Not} 40. Nxg5 Rxc2+ 41. Rxc2 Rxc2+ 42. Kd1 Bb7 $14) 40... Rf8 41. Nxg5 Rf4 42. Nxh7 Rxg4 43. Nf6 Rh4 44. Rh5 Rxh5 45. Nxh5 {[%emt 0:00:00][%mdl 4096] Endgame KRB-KRN} e5 46. Nf6 {[%emt 0:00:00] Black must now prevent h7.} Rc8 47. h7 Rh8 48. Rg2 Bc4 49. Rg7 Bd5 50. Rg8 Rxh7 51. Rd8+ Ke7 52. Rd7+ Kxf6 53. Rxh7 {[%emt 0:00:00] KR-KB. White mates.} Kf5 54. Kd2 Kf4 55. Rh4+ Kg3 56. Rh5 Kf4 57. Kxd3 Bb3 58. Ke2 Bc4+ 59. Ke1 e4 60. a4 Bf7 61. Rc5 Ke3 62. a5 Kd3 63. a6 e3 64. a7 {[%emt 0:00:06] Weighted Error Value: White=0.19 (very precise) /Black=0.40} 1-0

[Event "44th Chess Olympiad Open 2022"]
[Site "Chennai"]
[Date "2022.08.05"]
[Round "7.34"]
[White "Arenas, David"]
[Black "Subramaniam, Sumant"]
[Result "1-0"]
[ECO "A36"]
[WhiteElo "2426"]
[BlackElo "2152"]
[Annotator "TA"]
[PlyCount "63"]
[EventDate "2022.07.29"]
[EventType "team-tourn"]
[EventCountry "IND"]
[SourceTitle "playchess.com"]
[Source "ChessBase"]
[SourceQuality "1"]
[WhiteTeam "Colombia"]
[BlackTeam "Malaysia"]
[WhiteTeamCountry "COL"]
[BlackTeamCountry "MAS"]
[TimeControl "40/5400+30:1800+30"]

1. c4 Nf6 2. g3 g6 3. Bg2 Bg7 4. Nc3 c5 5. e4 Nc6 6. Nge2 d6 7. d3 $1 {[%emt 0:00:30][%mdl 4] is more profitable than 7.0-0 at the moment.} Bd7 8. Rb1 {[%emt 0:04:41] A36: Symmetrical English vs ...g6: 4 Bg2 Bg7.} Rb8 9. a3 a6 10. b4 {[%emt 0:03:50] The position is equal.} cxb4 11. axb4 b5 12. cxb5 axb5 {[%emt 0:00:06] [#]} 13. d4 $146 ({Predecessor:} 13. h3 Qc8 14. Be3 O-O 15. g4 Be6 16. O-O Nd7 17. Nd5 Bxd5 18. exd5 Nd8 19. Nd4 Bxd4 20. Bxd4 {1-0 (32) Damianou,I (2176)-Abatzidis,S (1826) Nicosia 2022}) 13... Qc8 14. O-O h5 15. Bf4 {[%emt 0:15:45] Strongly threatening e5.} e5 16. dxe5 dxe5 17. Bg5 h4 {[%emt 0:10:14] Black is on the road to losing.} (17... O-O $14) 18. Nd5 $16 Nxd5 (18... Nh7 $16 19. Be3 (19. gxh4 Nxg5 20. hxg5 Bh3 $15) (19. Bxh4 g5 $17) 19... Nf8) 19. exd5 $18 (19. Qxd5 Be6 20. Qd6 hxg3 21. hxg3 Bf8 $11) 19... Nd8 20. Rc1 (20. Bxh4 $6 Bh3 $16) 20... Qa6 21. Nc3 ({Much less strong is} 21. Bxh4 Qd6 $16) ({But not} 21. Rc7 $6 h3 22. Bh1 Qd6 $16) 21... f6 (21... h3 {was necessary.}) 22. Be3 ({Weaker is} 22. Bxh4 g5 $11) 22... hxg3 23. hxg3 Bf8 $2 {[%emt 0:01:23] [#]} (23... f5 24. d6 e4) 24. Ne4 {[%emt 0:03:26] White is clearly winning.} f5 25. Ra1 Qc8 26. Nf6+ Kf7 27. Rc1 Kxf6 28. Rxc8 Rxc8 29. Qd2 Nf7 30. Ra1 Rc4 31. d6 Bxd6 32. Ra6 {[%emt 0:09:40] Weighted Error Value: White=0.07 (flawless) /Black=0.32} 1-0

[Event "44th Chess Olympiad Open 2022"]
[Site "Chennai"]
[Date "2022.08.05"]
[Round "7.34"]
[White "Wong, Yinn Long"]
[Black "Cardoso Cardoso, Jose Gabriel"]
[Result "0-1"]
[ECO "D02"]
[WhiteElo "2381"]
[BlackElo "2493"]
[Annotator "ChessBase"]
[PlyCount "66"]
[EventDate "2022.07.29"]
[EventType "team-tourn"]
[EventCountry "IND"]
[SourceTitle "playchess.com"]
[Source "ChessBase"]
[SourceQuality "1"]
[WhiteTeam "Malaysia"]
[BlackTeam "Colombia"]
[WhiteTeamCountry "MAS"]
[BlackTeamCountry "COL"]
[TimeControl "40/5400+30:1800+30"]

1. d4 Nf6 2. Nf3 d5 3. Bf4 c5 4. e3 Nc6 5. Nbd2 Bg4 6. c3 e6 7. Qa4 Nd7 8. Ne5 Ncxe5 9. Bxe5 cxd4 10. Bxd4 Bf5 11. c4 dxc4 12. Nxc4 b5 13. Qxb5 Rb8 14. Qc6 Bb4+ 15. Bc3 Bxc3+ 16. bxc3 O-O 17. Be2 Rc8 18. Qd6 Nc5 19. Rd1 Ne4 20. Qe5 Qg5 21. g4 Rc5 22. h4 Qe7 23. Qf4 Nxc3 24. gxf5 Rxf5 25. Qd6 Qb7 26. Rg1 Nxe2 27. Rg5 Nc3 28. Qd4 Qh1+ 29. Kd2 Qxd1+ 30. Kxc3 Qxd4+ 31. Kxd4 Rd8+ 32. Kc3 Rxg5 33. hxg5 h5 0-1

[Event "44th Chess Olympiad Open 2022"]
[Site "Chennai"]
[Date "2022.08.05"]
[Round "7.34"]
[White "Poh, Yu Tian"]
[Black "Sanchez, Sebastian Felipe"]
[Result "0-1"]
[ECO "B12"]
[WhiteElo "2118"]
[BlackElo "2440"]
[Annotator "ChessBase"]
[PlyCount "86"]
[EventDate "2022.07.29"]
[EventType "team-tourn"]
[EventCountry "IND"]
[SourceTitle "playchess.com"]
[Source "ChessBase"]
[SourceQuality "1"]
[WhiteTeam "Malaysia"]
[BlackTeam "Colombia"]
[WhiteTeamCountry "MAS"]
[BlackTeamCountry "COL"]
[TimeControl "40/5400+30:1800+30"]

1. e4 c6 2. d4 d5 3. e5 Bf5 4. h4 h5 5. Bd3 Bxd3 6. Qxd3 Qa5+ 7. Nd2 e6 8. Ngf3 Ne7 9. O-O Nf5 10. Nb3 Qa6 11. Qd1 c5 12. dxc5 Nd7 13. Bg5 Bxc5 14. c3 Rc8 15. Re1 Qa4 16. Rc1 O-O 17. a3 Nb6 18. Nxc5 Qxd1 19. Rexd1 Rxc5 20. Nd4 Nxd4 21. cxd4 Rxc1 22. Rxc1 f6 23. exf6 gxf6 24. Bf4 Rc8 25. Rxc8+ Nxc8 26. f3 Ne7 27. g4 Nc6 28. Be3 Kh7 29. Kf2 Kg6 30. Kg3 b5 31. Kf2 a5 32. b3 a4 33. bxa4 bxa4 34. Ke2 f5 35. g5 f4 36. Bf2 Na7 37. Be1 Nb5 38. Kd3 Nxa3 39. Bb4 Nc4 40. Kc3 Kf5 41. Bc5 a3 42. Kb3 Nd2+ 43. Kxa3 Nxf3 0-1

[Event "44th Chess Olympiad Open 2022"]
[Site "Chennai"]
[Date "2022.08.05"]
[Round "7.35"]
[White "Pasko, Llambi"]
[Black "Johnson, Joshua"]
[Result "1-0"]
[ECO "D47"]
[WhiteElo "2418"]
[BlackElo "2178"]
[Annotator "ChessBase"]
[PlyCount "73"]
[EventDate "2022.07.29"]
[EventType "team-tourn"]
[EventCountry "IND"]
[SourceTitle "playchess.com"]
[Source "ChessBase"]
[SourceQuality "1"]
[WhiteTeam "Albania"]
[BlackTeam "TTO"]
[WhiteTeamCountry "ALB"]
[TimeControl "40/5400+30:1800+30"]

1. d4 d5 2. c4 c6 3. Nf3 Nf6 4. Nc3 e6 5. e3 Nbd7 6. Bd3 dxc4 7. Bxc4 b5 8. Be2 Bb7 9. O-O Bd6 10. e4 e5 11. Bg5 b4 12. Na4 h6 13. Bh4 O-O 14. Rc1 Qe7 15. dxe5 Nxe5 16. Nd4 Rad8 17. Nf5 Qe6 18. Nxd6 Rxd6 19. Qc2 Ned7 20. Bg3 Rd4 21. e5 Ne4 22. Bc4 Qe7 23. Rfe1 c5 24. Bf4 Nxe5 25. Bf1 Ng6 26. Be3 Qd7 27. Bxd4 cxd4 28. Qc7 Qd5 29. Rxe4 Rc8 30. Qxc8+ Bxc8 31. Rxc8+ Kh7 32. Nc5 f5 33. Ree8 Qxa2 34. Ne6 Qxb2 35. Rc7 h5 36. Rxg7+ Kh6 37. Reg8 1-0

[Event "44th Chess Olympiad Open 2022"]
[Site "Chennai"]
[Date "2022.08.05"]
[Round "7.35"]
[White "Mehmeti, Dritan"]
[Black "Munro, Allan"]
[Result "1-0"]
[ECO "D00"]
[WhiteElo "2371"]
[BlackElo "2008"]
[Annotator "ChessBase"]
[PlyCount "57"]
[EventDate "2022.07.29"]
[EventType "team-tourn"]
[EventCountry "IND"]
[SourceTitle "playchess.com"]
[Source "ChessBase"]
[SourceQuality "1"]
[WhiteTeam "Albania"]
[BlackTeam "TTO"]
[WhiteTeamCountry "ALB"]
[TimeControl "40/5400+30:1800+30"]

1. d4 d5 2. Bg5 h6 3. Bh4 c6 4. Nf3 Qb6 5. b3 Bf5 6. e3 e6 7. Bd3 Bxd3 8. Qxd3 Nd7 9. O-O Ne7 10. e4 dxe4 11. Qxe4 Nf5 12. Qxf5 g5 13. Bxg5 hxg5 14. Qxg5 Bh6 15. Qh4 Bg7 16. Qf4 Bh6 17. Qe4 O-O-O 18. Na3 Qa5 19. Nc4 Qh5 20. Rad1 Rdg8 21. Nce5 f5 22. Qe2 Nf6 23. g3 Ne4 24. Qc4 Ng5 25. Rd3 Bg7 26. h4 Bxe5 27. Nxg5 Rxg5 28. Qxe6+ Kc7 29. Qe7+ 1-0

[Event "44th Chess Olympiad Open 2022"]
[Site "Chennai"]
[Date "2022.08.05"]
[Round "7.35"]
[White "Winter Atwell, Adrian"]
[Black "Veleshnja, Zino"]
[Result "0-1"]
[ECO "B90"]
[WhiteElo "2250"]
[BlackElo "2263"]
[Annotator "NA RC"]
[PlyCount "104"]
[EventDate "2022.07.29"]
[EventType "team-tourn"]
[EventCountry "IND"]
[SourceTitle "playchess.com"]
[Source "ChessBase"]
[SourceQuality "1"]
[WhiteTeam "TTO"]
[BlackTeam "Albania"]
[BlackTeamCountry "ALB"]
[TimeControl "40/5400+30:1800+30"]

1. e4 c5 2. Nf3 d6 3. d4 cxd4 4. Nxd4 Nf6 5. Nc3 a6 6. h3 e5 7. Nb3 Be7 8. g4 h6 9. Be3 Be6 10. Bg2 Nbd7 11. f4 exf4 12. Bxf4 Ne5 13. Qd4 Rc8 14. O-O-O Rc4 15. Qf2 Qc7 16. Nd4 Rxc3 17. bxc3 Qxc3 18. Nb3 Nc4 19. Qd4 Qb4 20. Bd2 Qa3+ 21. Kb1 Nd7 22. Bc1 Qa4 23. Rhf1 O-O 24. Bb2 Bf6 25. Rxf6 Nxf6 26. Bf1 Nxb2 27. Kxb2 Qc6 28. Qxd6 Qxe4 29. Bd3 Qa4 30. Rg1 Qd7 31. Qf4 Nd5 32. Qe4 g6 33. Nc5 Qc6 34. Nxe6 Qb6+ 35. Ka3 Qxe6 36. Qxe6 fxe6 37. Bxg6 Rf3+ 38. Kb2 Rxh3 39. Rf1 Kg7 40. Be4 Rg3 41. Bxd5 exd5 42. Rf5 Rxg4 43. Rxd5 Rf4 44. Kc3 b5 45. Kd3 Ra4 46. Rc5 Rxa2 47. Ke4 Ra4+ 48. Kf5 Rc4 49. Rd5 Rc7 50. Rd2 a5 51. Rg2+ Kh7 52. Kf6 a4 0-1

[Event "44th Chess Olympiad Open 2022"]
[Site "Chennai"]
[Date "2022.08.05"]
[Round "7.35"]
[White "Mc Intosh, Isaiah"]
[Black "Ashiku, Franc"]
[Result "1-0"]
[ECO "E73"]
[WhiteElo "2215"]
[BlackElo "2422"]
[Annotator "ChessBase"]
[PlyCount "77"]
[EventDate "2022.07.29"]
[EventType "team-tourn"]
[EventCountry "IND"]
[SourceTitle "playchess.com"]
[Source "ChessBase"]
[SourceQuality "1"]
[WhiteTeam "TTO"]
[BlackTeam "Albania"]
[BlackTeamCountry "ALB"]
[TimeControl "40/5400+30:1800+30"]

1. d4 Nf6 2. c4 g6 3. Nc3 Bg7 4. e4 d6 5. Be2 Na6 6. Be3 O-O 7. h3 e5 8. d5 Nc5 9. Bf3 a5 10. g4 Ne8 11. g5 f5 12. h4 Bd7 13. Qc2 a4 14. O-O-O f4 15. Bxc5 dxc5 16. Be2 Nd6 17. f3 Qb8 18. Nb5 Ra5 19. Nh3 Rf7 20. Nf2 b6 21. Bf1 a3 22. b3 Bxb5 23. cxb5 Nxb5 24. Bxb5 Rxb5 25. Nd3 Qe8 26. h5 Rd7 27. Rh4 Kf7 28. hxg6+ hxg6 29. Qc4 Rd6 30. Rh7 Ra5 31. Qc3 Qg8 32. Rdh1 Ke8 33. Nxf4 c4 34. b4 Ra4 35. Ne6 Rxe6 36. dxe6 Qf8 37. Qd2 Qe7 38. Rxg7 Qxg7 39. Rh8+ 1-0

[Event "44th Chess Olympiad Open 2022"]
[Site "Chennai"]
[Date "2022.08.05"]
[Round "7.36"]
[White "Chukavin, Kirill"]
[Black "Chavez, Ricardo Ernesto"]
[Result "1-0"]
[ECO "B06"]
[WhiteElo "2418"]
[BlackElo "2179"]
[Annotator "ChessBase"]
[PlyCount "73"]
[EventDate "2022.07.29"]
[EventType "team-tourn"]
[EventCountry "IND"]
[SourceTitle "playchess.com"]
[Source "ChessBase"]
[SourceQuality "1"]
[WhiteTeam "Estonia"]
[BlackTeam "El Salvador"]
[WhiteTeamCountry "EST"]
[BlackTeamCountry "ESA"]
[TimeControl "40/5400+30:1800+30"]

1. e4 g6 2. d4 Bg7 3. Nc3 d6 4. f4 a6 5. Nf3 b5 6. Bd3 Nd7 7. a4 b4 8. Ne2 c5 9. c3 bxc3 10. bxc3 Bb7 11. O-O e6 12. Ng3 Ne7 13. Rb1 Qc7 14. f5 exf5 15. exf5 O-O 16. Kh1 Nd5 17. Bd2 Rab8 18. Qc1 N7f6 19. Ne4 Rfe8 20. Nxf6+ Nxf6 21. Bg5 Ne4 22. Bh6 cxd4 23. Bxg7 Kxg7 24. Qf4 dxc3 25. Bxe4 Rxe4 26. f6+ Kf8 27. Qh6+ Ke8 28. Qxh7 c2 29. Rbe1 Bd5 30. Rxe4+ Bxe4 31. Qg8+ Kd7 32. Qxf7+ Kd8 33. Qf8+ Kd7 34. Qe7+ Kc8 35. Qe8+ Kb7 36. Qxe4+ Qc6 37. Qxc6+ 1-0

[Event "44th Chess Olympiad Open 2022"]
[Site "Chennai"]
[Date "2022.08.05"]
[Round "7.36"]
[White "Kanep, Meelis"]
[Black "Morales Carlos"]
[Result "1-0"]
[ECO "E05"]
[WhiteElo "2417"]
[BlackElo "2036"]
[Annotator "ChessBase"]
[PlyCount "63"]
[EventDate "2022.07.29"]
[EventType "team-tourn"]
[EventCountry "IND"]
[SourceTitle "playchess.com"]
[Source "ChessBase"]
[SourceQuality "1"]
[WhiteTeam "Estonia"]
[BlackTeam "El Salvador"]
[WhiteTeamCountry "EST"]
[BlackTeamCountry "ESA"]
[TimeControl "40/5400+30:1800+30"]

1. Nf3 e6 2. g3 d5 3. Bg2 Nf6 4. O-O Be7 5. d4 O-O 6. c4 dxc4 7. Na3 c3 8. bxc3 c5 9. Ne5 Nfd7 10. Nac4 Nxe5 11. Nxe5 Nd7 12. Nd3 Bd6 13. Rb1 Qc7 14. f4 Rb8 15. e4 f5 16. e5 Be7 17. Be3 b5 18. g4 Bb7 19. dxc5 Nxc5 20. Bxb7 Rxb7 21. gxf5 Rxf5 22. Bd4 Ne4 23. Qe1 Qc6 24. Rc1 g5 25. Qe2 gxf4 26. Qf3 Bh4 27. Nc5 Nf2 28. Rxf2 Bxf2+ 29. Kxf2 Qxf3+ 30. Kxf3 Re7 31. Ne4 Rg7 32. Rb1 1-0

[Event "44th Chess Olympiad Open 2022"]
[Site "Chennai"]
[Date "2022.08.05"]
[Round "7.36"]
[White "Giron, Jorge Ernesto"]
[Black "Kiik, Kalle"]
[Result "1/2-1/2"]
[ECO "C08"]
[WhiteElo "2288"]
[BlackElo "2365"]
[Annotator "TA"]
[PlyCount "88"]
[EventDate "2022.07.29"]
[EventType "team-tourn"]
[EventCountry "IND"]
[SourceTitle "playchess.com"]
[Source "ChessBase"]
[SourceQuality "1"]
[WhiteTeam "El Salvador"]
[BlackTeam "Estonia"]
[WhiteTeamCountry "ESA"]
[BlackTeamCountry "EST"]
[TimeControl "40/5400+30:1800+30"]

1. e4 e6 2. d4 d5 3. Nd2 c5 4. exd5 exd5 5. Ngf3 Nc6 6. Be2 Nf6 7. O-O Be6 {[%emt 0:09:12] C08: French Tarrasch: 3...c5 4 exd5 exd5 sidelines.} 8. Re1 {[%emt 0:07:04] [#]} cxd4 $146 ({Resist} 8... Nxd4 9. Nxd4 cxd4 10. Bb5+ Nd7 11. Nf3 $14) ({Predecessor:} 8... c4 9. b3 cxb3 10. axb3 Bb4 11. Bb2 O-O 12. c3 Bd6 13. Nf1 Qb6 14. Bd3 h6 15. Ng3 {1-0 (61) Tiviakov,S (2608)-Salmensuu,O (2458) Gausdal 2000}) 9. Nb3 Bb4 {[%emt 0:00:00] White has an edge.} 10. Bd2 Bxd2 11. Qxd2 Ne4 12. Qd1 O-O 13. Nfxd4 Qh4 14. f3 Nd6 15. Nxc6 bxc6 16. Qd4 Qxd4+ 17. Nxd4 c5 18. Nxe6 fxe6 19. c4 Rfd8 20. Rac1 {[%emt 0:05:03] Threatens to win with cxd5.} Rac8 21. Bd3 dxc4 22. Bxc4 Nxc4 23. Rxc4 $11 {[%emt 0:00:03][%mdl 4096] Endgame KRR-KRR} Rd2 24. Rxe6 Rxb2 25. a3 Rc7 26. h4 Rb6 27. Re5 Rb3 {[%emt 0:03:46] The position is equal.} 28. h5 h6 29. Kh2 Kh7 30. a4 Rb4 31. Rxb4 cxb4 {[%emt 0:00:07] KR-KR} 32. Rb5 {[%emt 0:00:03] Against Rb7} Rc4 33. Kh3 b3 34. Rxb3 Rxa4 35. Rb8 a5 36. Ra8 g5 37. hxg6+ Kxg6 38. g4 h5 39. Kh4 hxg4 40. fxg4 Ra1 41. Ra6+ Kf7 42. Kg5 a4 43. Ra7+ Ke6 44. Kg6 Kd5 {[%emt 0:00:00] Weighted Error Value: White=0.04 (flawless) /Black=0.04 (flawless)} 1/2-1/2

[Event "44th Chess Olympiad Open 2022"]
[Site "Chennai"]
[Date "2022.08.05"]
[Round "7.36"]
[White "Burgos Figueroa, Carlos E."]
[Black "Volodin, Aleksandr"]
[Result "1-0"]
[ECO "B52"]
[WhiteElo "2164"]
[BlackElo "2454"]
[Annotator "TA"]
[PlyCount "99"]
[EventDate "2022.07.29"]
[EventType "team-tourn"]
[EventCountry "IND"]
[SourceTitle "playchess.com"]
[Source "ChessBase"]
[SourceQuality "1"]
[WhiteTeam "El Salvador"]
[BlackTeam "Estonia"]
[WhiteTeamCountry "ESA"]
[BlackTeamCountry "EST"]
[TimeControl "40/5400+30:1800+30"]

1. e4 c5 2. Nf3 d6 3. Bb5+ Nc6 4. a4 Bd7 5. O-O a6 6. Bxc6 {[%emt 0:00:06] B52: Sicilian: Moscow Variation with 3...Bd7.} Bxc6 7. Re1 e5 8. d3 {[%emt 0:01:54] [#] White is slightly better.} g6 $146 ({Predecessor:} 8... h6 9. a5 g5 10. Nfd2 Ne7 11. Nc4 Bg7 12. Nbd2 O-O 13. Nf1 f5 14. b3 Ng6 {0-1 (34) Aravindh,C (2641)-Abarca Gonzalez,N (2412) Chess.com INT 2020}) 9. Nbd2 Bg7 10. a5 Ne7 11. Nc4 Qc7 12. Nb6 {[%emt 0:04:16] Pair of Knights!} Rd8 13. c4 O-O 14. Bg5 f6 15. Bd2 Nc8 16. Nxc8 (16. Nd5 $14 Bxd5 17. exd5 (17. cxd5 Na7 $11)) 16... Qxc8 17. b4 h6 18. h3 Kh7 19. Rb1 f5 20. Nh2 Rf7 21. Qe2 Bf6 22. f3 h5 23. Be3 Be8 24. Rb3 f4 25. Bf2 g5 26. Reb1 Rg7 27. bxc5 dxc5 28. Rb6 ({White should play} 28. Qb2 $11) 28... Rf7 (28... Bc6 $15) 29. Qc2 Bg7 30. Qb3 Rfd7 31. Rxb7 (31. Rd1 {with more complications.} Rc7 32. Qa3 Bf7 33. Rdb1) 31... Rxb7 32. Qxb7 Qxb7 33. Rxb7 Rxd3 34. Bxc5 Kg8 35. Rb8 Kf7 36. Ra8 Rd1+ 37. Kf2 {[%emt 0:00:59] And now Nf1 would win.} Rd2+ 38. Ke1 Rxg2 39. Ra7+ Kg8 40. Nf1 g4 41. fxg4 hxg4 42. hxg4 f3 43. Ne3 ({Much worse is} 43. Rxa6 Re2+ 44. Kd1 Ba4+ 45. Kc1 Re1+ 46. Kd2 Rxf1 47. Ra8+ Kh7 $17) 43... Re2+ 44. Kf1 {[%emt 0:00:00] Strongly threatening Ra8.} Bf8 45. Bb6 Bf7 $2 {[%emt 0:00:00][%mdl 8192] [#] Loses the game.} (45... Bg6 $1 $14) 46. Ra8 $1 $18 {[%emt 0:00:00] Black must now prevent Bc5.} Kg7 47. Nf5+ Kg8 48. Bc5 Bxc4 49. Rxf8+ Kh7 50. Nd6 {[%emt 0:00:00][%csl LRc4,LRf3] Weighted Error Value: White=0.10 (very precise) /Black=0.26 (precise)} 1-0

[Event "44th Chess Olympiad Open 2022"]
[Site "Chennai"]
[Date "2022.08.05"]
[Round "7.37"]
[White "Hernandez Guerrero, Gilberto"]
[Black "Christie, Joshua"]
[Result "1/2-1/2"]
[ECO "C96"]
[WhiteElo "2560"]
[BlackElo "2272"]
[Annotator "TA"]
[PlyCount "119"]
[EventDate "2022.07.29"]
[EventType "team-tourn"]
[EventCountry "IND"]
[SourceTitle "playchess.com"]
[Source "ChessBase"]
[SourceQuality "1"]
[WhiteTeam "Mexico"]
[BlackTeam "Jamaica"]
[WhiteTeamCountry "MEX"]
[BlackTeamCountry "JAM"]
[TimeControl "40/5400+30:1800+30"]

1. e4 e5 2. Nf3 Nc6 3. Bb5 a6 4. Ba4 Nf6 5. O-O Be7 6. Re1 b5 7. Bb3 O-O 8. h3 d6 9. c3 Na5 10. Bc2 c5 11. d4 Nd7 12. Nbd2 exd4 13. cxd4 Nc6 {[%emt 0:12:15] C96: Closed Ruy Lopez: Chigorin Defence: 11 d4, replies other than 11...Qc7.} 14. a4 (14. d5 $5 Nce5 15. Nxe5 Nxe5 16. a4 $11) 14... Rb8 {[%emt 0:00:00] [#]} 15. Nb3 $146 ({Predecessor:} 15. axb5 axb5 16. d5 Nb4 17. Nb3 Bf6 18. Bf4 Qb6 19. Qc1 Bb7 20. Bg5 Ra8 21. Rxa8 Rxa8 22. Bxf6 Nxf6 {1-0 (39) Jaracz,P (2465)-Banusz,T (2608) Chess.com INT 2022}) 15... Nb6 (15... c4 $11) 16. axb5 $14 axb5 17. Bf4 Rb7 18. Bb1 Na4 19. Qe2 c4 20. d5 Ne5 21. Nbd4 (21. Nxe5 dxe5 22. Bxe5 cxb3 $17) 21... Bf6 {[%emt 0:05:39] [#]} (21... Qb6 $14) 22. Nxe5 (22. Nxb5 $1 $16 {[%mdl 512] Black must now prevent Nxe5.} Bd7 (22... Rxb5 23. Bxe5) 23. Bxe5 (23. Rxa4 Bxb5 24. Rb4 Nxf3+ 25. Qxf3 Bd4 $11) (23. Nxd6 Rxb2 24. Bxe5 Rxe2 $11) 23... dxe5 24. Rxa4) 22... dxe5 $11 23. Nc6 Qc7 24. Bd2 {[%emt 0:01:16] Black should prevent Ba2.} Bd7 25. Ba5 Nb6 26. Nb4 Ra7 27. Qe3 $1 Qb7 28. Ra3 {[%emt 0:01:41] [#]} (28. Nc2 $11 {remains equal.} Rfa8 29. Bxb6 Rxa1 30. Nxa1 Rxa1 31. Qc5) 28... Na4 $1 $17 29. Nc6 Ra6 (29... Bxc6 $15 30. dxc6 Qe7 31. Rxa4 bxa4) 30. Bb4 $36 {[%emt 0:01:10][%mdl 2048] White fights for an advantage.} Re8 31. b3 (31. Na5 Qc7 32. d6 Qd8 $15) 31... Nb6 (31... cxb3 $11 32. Na5 (32. Rxb3 Bxc6 33. dxc6 Qxc6 $11) 32... Qb6) 32. Na5 $14 {[%emt 0:05:48] White is much more active.} Qa8 33. Bc2 Rc8 34. Rea1 cxb3 {[%emt 0:02:30] [#]} 35. Nxb3 Rxa3 36. Rxa3 (36. Bxa3 $6 Nxd5 37. Qd2 Qc6 $11) 36... Qb8 37. Nc5 Nc4 38. Nxd7 ({White should play} 38. Qg3 $14 Qc7 39. Nxd7 Qxd7 40. Rb3) 38... Nxe3 $15 39. Nxb8 Nxc2 40. Rc3 Rxc3 41. Bxc3 {[%emt 0:30:07][%mdl 4096] Endgame KBN-KBN} b4 42. Bb2 {[%emt 0:05:08] And now Nc6 would win.} Ne1 43. Nc6 Nd3 44. Ba1 b3 {[%emt 0:00:00] Hoping for ...Kf8.} 45. d6 $1 Nc5 $1 46. Kf1 Kf8 47. f3 Ke8 {[%emt 0:00:00] Strongly threatening ...Nd3.} ({Much weaker is} 47... Nd3 48. d7 $11) 48. Na5 Kd7 ({Black should try} 48... Bg5 $1 $15) 49. Nc4 $1 $11 {[%emt 0:00:00] The position is equal.} Kc6 50. Ke2 Kb5 51. Nxe5 Nd7 52. f4 Bxe5 53. Bxe5 Nxe5 54. fxe5 {[%emt 0:00:06] d7 would kill now. KP-KP} b2 55. d7 b1=Q 56. d8=Q {[%emt 0:00:08] aiming for Qb8+.} Qxe4+ 57. Kf2 Qxe5 58. Qd7+ Kc5 59. Qxf7 Kd6 60. Qf8+ {[%emt 0:00:15] Weighted Error Value: White=0.16 (very precise) /Black=0.14 (very precise)} 1/2-1/2

[Event "44th Chess Olympiad Open 2022"]
[Site "Chennai"]
[Date "2022.08.05"]
[Round "7.37"]
[White "Capo Vidal, Uriel"]
[Black "Lorne, Ras Malaku"]
[Result "1-0"]
[ECO "E25"]
[WhiteElo "2215"]
[BlackElo "2079"]
[Annotator "NA RC"]
[PlyCount "53"]
[EventDate "2022.07.29"]
[EventType "team-tourn"]
[EventCountry "IND"]
[SourceTitle "playchess.com"]
[Source "ChessBase"]
[SourceQuality "1"]
[WhiteTeam "Mexico"]
[BlackTeam "Jamaica"]
[WhiteTeamCountry "MEX"]
[BlackTeamCountry "JAM"]
[TimeControl "40/5400+30:1800+30"]

1. d4 Nf6 2. c4 e6 3. Nc3 Bb4 4. f3 d5 5. a3 Bxc3+ 6. bxc3 c5 7. cxd5 exd5 8. e3 c4 9. g4 Nc6 10. Bg2 Na5 11. Ne2 Nb3 12. Rb1 O-O 13. O-O a5 14. Ng3 b5 15. g5 Ne8 16. e4 Nxc1 17. Qxc1 Nc7 18. f4 dxe4 19. Bxe4 Rb8 20. f5 b4 21. axb4 axb4 22. Qf4 Rb5 23. Qh4 g6 24. Qh6 Bb7 25. Rf4 Re8 26. f6 Ne6 27. Rh4 1-0